 Dungeon Crawl Stone Soup version 0.30-a0-782-ge64f9170bb (webtiles) character file.

Game seed: 6464737118398252245

4361 HoaS the Skirmisher (level 9, 0/67 HPs)
             Began as a Demigod Hunter on Mar 5, 2023.
             Slain by a two-headed ogre
             ... wielding a +0 giant club
              (7 damage)
             ... on level 8 of the Dungeon.
             The game lasted 00:14:02 (7110 turns).

HoaS the Skirmisher (Demigod Hunter)                Turns: 7110, Time: 00:14:03

Health: 0/67       AC: 10    Str: 12    XL:     9   Next: 89%
Magic:  11/11      EV: 13    Int: 11    God:
Gold:   441        SH:  0    Dex: 29    Spells: 8/8 levels left

rFire   . . .      SeeInvis .    a - +2 shortbow
rCold   . . .      Faith    .    (shield currently unavailable)
rNeg    . . .      Spirit   .    r - +0 steam dragon scales
rPois   .          Reflect  .    f - +0 helmet
rElec   .          Harm     .    (no cloak)
rCorr   .          Rampage  .    h - +0 pair of gloves
Will    .....                    g - +2 pair of boots
Stlth   ++                       (no amulet)
HPRegen 0.31/turn                (no ring)
MPRegen 0.12/turn                (no ring)

@: no status effects
A: high MP 1, forlorn, divine attributes
a: no special abilities


You were on level 8 of the Dungeon.
You visited 1 branch of the dungeon, and saw 8 of its levels.

You collected 441 gold pieces.

Inventory:

Hand Weapons
 a - a +2 shortbow (weapon)
Armour
 f - a +0 helmet (worn)
 g - a +2 pair of boots (worn)
 h - a +0 pair of gloves (worn)
 r - +0 steam dragon scales (worn)
Wands
 l - a wand of digging (6)
 n - a wand of flame (20)
Scrolls
 b - a scroll of immolation
 c - a scroll of fear
 m - a scroll of butterflies
Potions
 d - 4 potions of curing
 e - a potion of mutation
 i - 3 potions of heal wounds
 j - a potion of resistance
 k - 2 potions of flight
 o - a potion of cancellation
 p - a potion of invisibility


   Skills:
 - Level 1.7 Fighting
 + Level 13.9 Ranged Weapons
 - Level 1.7 Dodging
 - Level 0.8 Stealth


You had 8 spell levels left.
You didn't know any spells.
Your spell library contained the following spells:

 Spells                   Type           Power      Damage    Failure   Level
 Apportation              Tloc           0%         N/A       34%         1
 Necrotise                Necr           0%         1d4       34%         1
 Summon Small Mammal      Summ           0%         N/A       34%         1
 Gell's Gravitas          Tloc           0%         N/A       71%         3
 Teleport Other           Tloc           0%         N/A       71%         3
 Dispersal                Tloc           0%         N/A       100%        6


Dungeon Overview and Level Annotations

Branches:
Dungeon (8/15)             Temple (0/1) D:5
   Lair: D:8-11

Shops:
D:2 =   D:4 [

Annotations:
D:8 Erica


Innate Abilities, Weirdness & Mutations

You have an increased reservoir of magic. (+10% MP)
You shall have no god before yourself.
Your divine heritage dramatically boosts your attributes as you level up.


Message History

Your butterfly disappears in a burst of colours!
Your butterfly disappears in a burst of colours!
Your butterfly disappears in a burst of colours! x2
The two-headed ogre hits your butterfly with a +0 giant club!!!
Your butterfly dies!
Your butterfly disappears in a burst of colours!
Your butterfly disappears in a burst of colours! x2
Your butterfly disappears in a burst of colours! x3
Your butterfly disappears in a burst of colours! x2
Your butterfly disappears in a burst of colours!
You shoot an arrow.
The arrow barely misses the two-headed ogre.
Your butterfly disappears in a burst of colours! x2
The two-headed ogre hits you with a +0 giant club! x2
You shoot an arrow. The arrow hits the two-headed ogre!!
The two-headed ogre is heavily wounded.
Your butterfly disappears in a burst of colours!
The two-headed ogre barely misses you. x2
You shoot an arrow. The arrow hits the two-headed ogre.
The two-headed ogre is heavily wounded.
The two-headed ogre completely misses you. x2
You shoot an arrow. The arrow hits the two-headed ogre!
The two-headed ogre is severely wounded.
The two-headed ogre hits you with a +0 giant club!
The two-headed ogre hits you with a +0 giant club!!
* * * LOW HITPOINT WARNING * * *
You shoot an arrow. The arrow hits the two-headed ogre!
The two-headed ogre is almost dead.
You feel yourself speed up.
You shoot an arrow. The arrow hits the two-headed ogre.
The two-headed ogre is almost dead.
The two-headed ogre misses you.
The two-headed ogre hits you but does no damage.
You shoot an arrow. The arrow hits the two-headed ogre.
The two-headed ogre is almost dead.
You feel much better.
The two-headed ogre hits you with a +0 giant club!!
* * * LOW HITPOINT WARNING * * *
The two-headed ogre hits you with a +0 giant club!
You die...

b......................##
...............##..##...#
.b...................#.##
b.............#...##.#.#
..............#...##.#.##
.b....#.....#....##.....#
......##..b.#.....#.....#
...#.##....#..#O..#.<..##
..####.......##.@...#..#
..#....##..............##
....#.......#...##......#####
(..####.........##.......#..###
.....#..............###..#....#
.....).........#............###
..#.....####.###...........##
[.##...####...##.........###
........#.#..............#


You could see a two-headed ogre.

Vanquished Creatures
  Pikel (D:4)
  Sigmund (D:3)
  4 yaks
  A steam dragon (D:6)
  Edmund (D:5)
  A water moccasin (D:6)
  An orc warrior (D:6)
  A sky beast (D:6)
  3 black bears
  An ogre (D:7)
  2 lemures (D:4)
  A gnoll sergeant (D:5)
  A kobold brigand (D:6)
  A wyvern zombie (D:6)
  5 necrophages
  4 bullfrogs
  4 scorpions
  5 wights
  A water moccasin zombie (D:6)
  3 howler monkeys
  5 orc priests
  A quasit (D:4)
  A jelly (D:5)
  A hound (D:4)
  3 orc wizards
  10 iguanas
  A howler monkey zombie (D:6)
  Robin (D:3)
  4 gnolls (D:6)
  5 adders
  4 shadow imps
  8 white imps
  3 ufetubi (D:4)
  A worm (D:2)
  2 dart slugs
  21 orcs
  8 endoplasms
  4 giant cockroaches
  13 goblins
  5 hobgoblins
  2 jackals (D:5)
  A quokka (D:4)
  3 ball pythons (D:4)
  3 bats
  2 frilled lizards (D:1)
  9 kobolds
  5 rats
168 creatures vanquished.

Vanquished Creatures (others)
  A bush (D:6)
  A demonic plant (D:4)
  6 fungi (D:6)
  11 plants (D:6)
19 creatures vanquished.

Grand Total: 187 creatures vanquished

Notes
Turn   | Place    | Note
-------+----------+-------------------------------------------
     0 | D:1      | HoaS the Demigod Hunter began the quest for the Orb.
     0 | D:1      | Reached XP level 1. HP: 17/17 MP: 3/3
   123 | D:1      | You fall into a shaft and drop 1 floor!
   144 | D:1      | Reached skill level 4 in Ranged Weapons
   189 | D:1      | Reached XP level 2. HP: 10/24 MP: 4/4
   706 | D:2      | Found Zeisu's Jewellery Boutique.
   980 | D:2      | Reached XP level 3. HP: 29/29 MP: 5/5
  1263 | D:3      | Noticed Robin
  1285 | D:3      | Killed Robin
  1505 | D:3      | Reached skill level 5 in Ranged Weapons
  1521 | D:3      | Noticed Sigmund
  1522 | D:3      | Reached XP level 4. HP: 25/36 MP: 6/6
  1586 | D:3      | Killed Sigmund
  1587 | D:3      | Reached skill level 6 in Ranged Weapons
  1587 | D:3      | Reached XP level 5. HP: 28/41 MP: 7/7
  2208 | D:4      | Reached XP level 6. HP: 48/48 MP: 8/8
  2330 | D:4      | Reached skill level 7 in Ranged Weapons
  2945 | D:4      | Found Roax Not's Armour Emporium.
  2982 | D:5      | Entered Level 5 of the Dungeon
  3019 | D:5      | Found a staircase to the Ecumenical Temple.
  3028 | D:5      | Reached skill level 8 in Ranged Weapons
  3033 | D:5      | Reached XP level 7. HP: 42/53 MP: 9/9
  3628 | D:5      | Noticed Edmund
  3650 | D:5      | Killed Edmund
  3651 | D:5      | Reached skill level 9 in Ranged Weapons
  3728 | D:5      | Noticed Pikel
  3856 | D:4      | Killed Pikel
  3857 | D:4      | Reached skill level 10 in Ranged Weapons
  3857 | D:4      | Reached XP level 8. HP: 28/60 MP: 10/10
  4389 | D:6      | Reached skill level 11 in Ranged Weapons
  5296 | D:6      | Reached XP level 9. HP: 52/67 MP: 11/11
  5302 | D:6      | Reached skill level 12 in Ranged Weapons
  6067 | D:7      | Reached skill level 13 in Ranged Weapons
  7068 | D:8      | Noticed Erica
  7071 | D:8      | Noticed a two-headed ogre
  7110 | D:8      | Slain by a two-headed ogre

Illustrated notes

Levels and vault maps discovered:
D:1:      nzn_arrival_settlement, layout_rooms
D:2:      layout_loops_ring, serial_shops, shop, basic_altar
D:3:      layout_basic, nicolae_overflow_squiral, uniq_sigmund, uniq_robin
D:4:      layout_basic, good_gods_mini_temple, nicolae_wu_jian_wuxing_cycle,
          serial_demonic, serial_demonic_g, serial_demonic_c, serial_demonic_a,
          serial_demonic_d, serial_shops, kennysheep_mini_moat,
          minmay_misc_feat_enclosed
D:5:      layout_cave_pods, minmay_temple_entry_overgrown,
          kennysheep_small_circle, uniq_pikel, uniq_edmund
D:6:      layout_loops_cross, fedhas_altar_decomposition,
          mainiacjoe_overflow_alcove_2, dreamdust_mushroom_princess
D:7:      layout_cave_pools, gammafunk_temple_overflow_elements,
          hangedman_decor_opposing
D:8:      layout_cave_pools, uniq_erica

Skill      XL: |  1  2  3  4  5  6  7  8  9 |
---------------+----------------------------+-----
Ranged Weapons | 4 5 6 8 10 11 13 | 13.9
Fighting       | |  1.7
Dodging        | |  1.7
Stealth        | |  0.8

Action                     |  1- 3 |  4- 6 |  7- 9 || total
---------------------------+-------+-------+-------++-------
   Fire: Shortbow          |    95 |   137 |   376 ||   608
    Use: Scroll            |     7 |     6 |    10 ||    23
         Potion            |       |       |     1 ||     1
 Armour: Leather armour    |     7 |    10 |    22 ||    39
         Steam dragon scal |       |       |    38 ||    38
  Dodge: Dodged            |    25 |    34 |   134 ||   193

Table legend: (Time is in decaauts)
 A = Elapsed time spent in this place.
 B = Non-inter-level travel time spent in this place.
 C = Inter-level travel time spent in this place.
 D = Time resting spent in this place.
 E = Time spent auto-exploring this place.
 F = Levels seen in this place.
 G = Mean time per level.
                   A        B        C        D        E       F      G
               +--------+--------+--------+--------+--------+-----+--------+
         Total |   7165 |   7000 |    165 |   1753 |   3879 |   8 |  895.6 |
       Dungeon |   7165 |   7000 |    165 |   1753 |   3879 |   8 |  895.6 |
               +--------+--------+--------+--------+--------+-----+--------+

Top non-repeatable levels by time:
     D:6: 1522 daAuts
     D:5: 1137 daAuts
     D:3: 1088 daAuts
     D:4: 1029 daAuts
     D:7: 862 daAuts
     D:1: 590 daAuts
     D:2: 566 daAuts
     D:8: 369 daAuts
